 Dungeon Crawl Stone Soup version 0.19.4 (webtiles) character file.

81 Kiturien the Shield-Bearer (level 4, 0/40 HPs)
             Began as a Hill Orc Fighter on Feb 2, 2017.
             Slain by a gnoll (6 damage)
             ... on level 2 of the Dungeon.
             The game lasted 00:03:05 (1134 turns).

Kiturien the Shield-Bearer (Hill Orc Fighter)       Turns: 1134, Time: 00:03:06

Health: 0/40       AC:  6    Str: 19    XL:     4   Next: 42%
Magic:  4/4        EV:  7    Int:  8    God:
Gold:   53         SH:  9    Dex: 10    Spells: 0 memorised, 3 levels left

rFire  . . .     SeeInvis .     a - +0 war axe
rCold  . . .     Gourm    .     b - +0 scale mail
rNeg   . . .     Faith    .     c - +0 shield
rPois  .         Spirit   .     (no helmet)
rElec  .         Reflect  .     (no cloak)
rCorr  .         Harm     .     (no gloves)
MR     .....                    (no boots)
Stlth  ..........               (no amulet)
                                s - ring of flight
                                i - ring of wizardry

@: no status effects
A: no striking features
a: Evoke Flight


You were on level 2 of the Dungeon.
You were not hungry.

You visited 1 branch of the dungeon, and saw 2 of its levels.

You collected 53 gold pieces.

Inventory:

Hand Weapons
 a - a +0 war axe (weapon)
Armour
 b - a +0 scale mail (worn)
 c - a +0 shield (worn)
Jewellery
 i - a ring of wizardry (left hand)
 s - a ring of flight (right hand)
Scrolls
 h - a scroll of remove curse {unknown}
 j - 3 scrolls of teleportation {unknown}
 k - a scroll of identify {unknown}
 l - a scroll of fog {unknown}
 p - a scroll of enchant weapon {unknown}
 r - a scroll of recharging {unknown}
Potions
 d - 3 potions of might
 e - 2 potions of cancellation {unknown}
 m - 2 potions of flight {unknown}
 n - a potion of lignification {unknown}
 o - 2 potions of ambrosia {unknown}
 t - a potion of haste {unknown}
Comestibles
 f - 2 bread rations
 g - 7 fruits
 q - a meat ration


   Skills:
 + Level 4.1 Fighting
 + Level 4.2 Axes
 - Level 3.3 Armour
 + Level 4.4 Shields


You had 3 spell levels left.
You didn't know any spells.

Dungeon Overview and Level Annotations

Branches:
Dungeon (2/15)

Altars:
The Shining One


Message History

You hit the gnoll.
You kill the gnoll!
Your Axes skill increases to level 4!
You barely miss the gnoll. You hit the gnoll. x2
The gnoll hits you but does no damage. You block the gnoll's attack. x2
The gnoll hits you but does no damage. You block the gnoll's attack.
You see here a halberd.
You closely miss the gnoll.
The gnoll is severely wounded.
You slash the gnoll!
You kill the gnoll!
Your shield prevents you from hitting the gnoll.
The gnoll hits you with a club.
* * * LOW HITPOINT WARNING * * *
You block the gnoll's attack.
You closely miss the gnoll.
The gnoll is severely wounded.
You barely miss the gnoll. The gnoll hits you but does no damage.
You block the gnoll's attack. The gnoll hits you.
You die...

......#.....##
.............##
..............###..
........†.........
........÷.....#####
..................#
..................#
..................#
.÷.............g@.#
.÷.............)g.#
)<...##...............
.)..###.###............
#.#(.....######......##
...##..#.## ##.......
.#........# #.###....
.###....#.#### #.. ....
....#.......[. ##


You could see 2 gnolls.

Vanquished Creatures
  2 gnolls (D:2)
  2 adders (D:2)
  An ooze (D:1)
  2 leopard geckos (D:2)
  4 giant cockroaches
  6 goblins
  3 hobgoblins
  A quokka (D:2)
  A ball python (D:2)
  5 bats
  3 frilled lizards
  5 kobolds
  3 rats
38 creatures vanquished.

Notes
Turn   | Place    | Note
-------+----------+-------------------------------------------
     0 | D:1      | Kiturien the Hill Orc Fighter began the quest for the Orb.
     0 | D:1      | Reached XP level 1. HP: 19/19 MP: 1/1
   134 | D:1      | Reached XP level 2. HP: 19/27 MP: 2/2
   140 | D:1      | Found a glowing golden altar of the Shining One.
   704 | D:2      | Reached XP level 3. HP: 33/33 MP: 3/3
   944 | D:2      | Reached XP level 4. HP: 18/40 MP: 4/4
  1134 | D:2      | Slain by a gnoll

Skill      XL: |  1  2  3  4 |
---------------+-------------+-----
Shields        | 4 |  4.4
Axes           | 3 4 |  4.2
Fighting       | 4 |  4.1
Armour         | |  3.3

Action                   |  1- 3 |  4- 6 || total
-------------------------+-------+-------++-------
Melee: War axe           |   113 |    11 ||   124
  Eat: Bread ration      |       |     1 ||     1
Armor: Scale mail        |    63 |    11 ||    74
Dodge: Dodged            |    47 |     8 ||    55
Block: Shield            |    63 |    16 ||    79
